 Dungeon Crawl Stone Soup version 0.25.0-15-gac7dcb8919 (webtiles) character file.

Game seed: 1661388058433558042

35 protoss039 the Digger (level 3, 0/19 HPs)
             Began as a Deep Elf Earth Elementalist on June 29, 2020.
             Hit by a boomerang thrown by a hobgoblin (7 damage)
             ... on level 2 of the Dungeon.
             The game lasted 00:03:01 (1544 turns).

protoss039 the Digger (Deep Elf Earth Elementalist) Turns: 1544, Time: 00:03:02

Health: 0/19       AC:  2    Str:  5    XL:     3   Next: 17%
Magic:  9/10       EV: 13    Int: 20    God:
Gold:   69         SH:  0    Dex: 15    Spells: 8/9 levels left

rFire    . . .     SeeInvis .   l - +0 spear
rCold    . . .     Gourm    .   (no shield)
rNeg     . . .     Faith    .   c - +0 robe
rPois    .         Spirit   .   (no helmet)
rElec    .         Reflect  .   (no cloak)
rCorr    .         Harm     .   (no gloves)
MR       .....                  (no boots)
Stlth    ++........             (no amulet)
HPRegen  0.06/turn              (no ring)
MPRegen  0.12/turn              (no ring)

@: no status effects
A: no striking features
a: no special abilities


You were on level 2 of the Dungeon.
You were not hungry.

You visited 1 branch of the dungeon, and saw 2 of its levels.

You collected 69 gold pieces.

Inventory:

Hand Weapons
 l - a +0 spear (weapon)
Missiles
 b - 92 stones (quivered)
Armour
 c - a +0 robe (worn)
Jewellery
 e - an uncursed amulet of faith {unknown}
Scrolls
 a - a scroll of enchant weapon {unknown}
 f - a scroll of blinking {unknown}
 g - a scroll of immolation {unknown}
 h - 3 scrolls of identify {unknown}
 i - 3 scrolls of random uselessness {unknown}
 k - a scroll of remove curse {unknown}
Potions
 j - a potion of curing {unknown}
Comestibles
 d - 3 rations


   Skills:
 - Level 2.4 Dodging
 - Level 2.4 Stealth
 * Level 3.7 Spellcasting
   Level 1.1 Transmutations
 * Level 4.4 Earth Magic


You had 8 spell levels left.
You knew the following spells:

 Your Spells              Type           Power        Failure   Level  Hunger
a - Sandblast             Erth           ###...       2%          1    None

Your spell library contained the following spells:

 Spells                   Type           Power        Failure   Level  Hunger
 Passwall                 Tmut/Erth      ##......     6%          2    ##.....
 Stone Arrow              Conj/Erth      ##....       16%         3    ###....
 Petrify                  Tmut/Erth      ##......     38%         4    ####...
 Lee's Rapid Deconstruct  Erth           ###.......   52%         5    ######.


Dungeon Overview and Level Annotations

Branches:
Dungeon (2/15)

Altars:


Message History

The weapon returns to the hobgoblin!
The hobgoblin throws a boomerang.
The boomerang hits you.
The weapon returns to the hobgoblin!
Attack whom?
Press: ? - help, Dir - move target cursor, f/p - hobgoblin
Aim: a hobgoblin, quivering 7 boomerangs (lightly wounded)
You reach to attack!
You hit the hobgoblin.
The hobgoblin is moderately wounded.
The hobgoblin throws a boomerang.
The boomerang hits you!
The weapon returns to the hobgoblin!
You are too injured to fight recklessly!
You are too injured to fight recklessly!
Casting: Sandblast (safe; 2% risk of failure)
Confirm with . or Enter, or press ? or * to list all spells.
Aiming: Sandblast (safe; 2% risk of failure)
Press: ? - help, Shift-Dir - straight line, f/p - hobgoblin
Aim: a hobgoblin, quivering 7 boomerangs (moderately wounded)
The blast of sand misses the hobgoblin.
b - 92 stones The hobgoblin throws a boomerang.
The boomerang hits you!
You die...

#........ #...
#####....... ###...
.........% ......
#.......#############
#.......'............
#.......#########....
#.$.....# #....
####.......# #....
.....g.@...# #....
###........# ####....
#....$...# #.......
...........# #.######
...........# #.#
....######## #.# ....
####'###### ...
#..........
#..........


You could see a hobgoblin.

Vanquished Creatures
  3 dart slugs (D:1)
  A leopard gecko (D:1)
  5 bats (D:1)
  2 giant cockroaches (D:1)
  5 hobgoblins
  A frilled lizard (D:1)
  5 goblins
  A kobold (D:1)
  5 rats
28 creatures vanquished.

Notes
Turn   | Place    | Note
-------+----------+-------------------------------------------
     0 | D:1      | protoss039 the Deep Elf Earth Elementalist began the quest
                  | for the Orb.
     0 | D:1      | Reached XP level 1. HP: 10/10 MP: 6/6
   197 | D:1      | Reached XP level 2. HP: 15/15 MP: 6/8
   322 | D:1      | Reached skill level 4 in Earth Magic
   843 | D:1      | Reached XP level 3. HP: 13/19 MP: 10/10
  1544 | D:2      | Hit by a boomerang thrown by a hobgoblin

Illustrated notes

Levels and vault maps discovered:
D:1:      tarquinn_simple_flora_water_f, layout_basic
D:2:      layout_basic, uniq_robin, uniq_natasha

Skill      XL: |  1  2 |
---------------+-------+-----
Earth Magic    | 4 |  4.4
Dodging        | |  2.4
Stealth        | |  2.4
Spellcasting   | |  3.7
Transmutations | |  1.1

Action                   || total
-------------------------++-------
Melee: Spear             ||    52
 Cast: Sandblast         ||    23
 Stab: Sleeping          ||     5
  Eat: Chunk             ||     2
Armor: Robe              ||     6
Dodge: Dodged            ||    35
